 Dungeon Crawl Stone Soup version 0.31.0-9-g3a7656b989 (webtiles) character file.

Game seed: 14958879285777682055

8368 sanka the Grappler (level 11, -7/111 HPs)
             Began as a Troll Monk on Jan 24, 2024.
             Was a High Priest of Okawaru.
             Mangled by a slime creature (13 damage)
             ... on level 9 of the Dungeon.
             The game lasted 00:11:26 (7360 turns).

sanka the Grappler (Troll Monk)                     Turns: 7360, Time: 00:11:27

Health: -7/111     AC: 11    Str: 21    XL:     11   Next: 9%
Magic:  13/13      EV:  9    Int:  6    God:    Okawaru [*****.]
Gold:   442        SH:  0    Dex: 16    Spells: 10/10 levels left

rFire   . .          .
                       - Unarmed
rCold   . . .        c - orb {light}
rNeg    . . .        A - +0 swamp dragon scales
rPois   +            (helmet restricted)
rElec   .            G - +0 cloak
rCorr   .            (gloves unavailable)
SInv    .            (boots unavailable)
Will    .....        w - amulet of faith
Stlth   +            (no ring)
HPRegen 1.18/turn    (no ring)
MPRegen 0.13/turn

%: faith
@: glowing
A: large, unfitting armour, claws 3, regeneration 1, shaggy fur 1, tough skin 1
a: Renounce Religion, Heroism, Finesse, Duel


You were on level 9 of the Dungeon.
You worshipped Okawaru.
Okawaru was extremely pleased with you.
You visited 2 branches of the dungeon, and saw 10 of its levels.

You collected 442 gold pieces.


Innate Abilities, Weirdness & Mutations

You are too large for most types of armour.
You have claws for hands.
Your natural rate of healing is unusually fast.
You are covered in fur. (AC +1)
You have tough skin. (AC +1)


   Skills:
 - Level 8.0 Fighting
 - Level 5.0 Armour
 - Level 2.4 Dodging
 + Level 12.5 Unarmed Combat
 - Level 5.0 Invocations


You had 10 spell levels left.
You didn't know any spells.
Your spell library contained the following spells:

 Spells                   Type           Power      Damage    Failure   Level
 Slow                     Hex            0%         N/A       61%         1
 Confusing Touch          Hex            0%         N/A       93%         3
 Fugue of the Fallen      Necr           0%         N/A       93%         3
 Ozocubu's Armour         Ice            0%         N/A       93%         3
 Sigil of Binding         Hex            0%         N/A       93%         3
 Vampiric Draining        Necr           0%         2d6       93%         3
 Manifold Assault         Tloc           0%         N/A       100%        4

Inventory:

Hand Weapons
 y - a +2 demon whip of pain
Missiles
 v - a throwing net {=f}
 F - 11 large rocks {=f}
Armour
 c - an orb of light (worn)
 s - a +2 robe of willpower
 A - +0 swamp dragon scales (worn)
 G - a +0 cloak (worn)
Jewellery
 p - an amulet of guardian spirit
 w - an amulet of faith (around neck)
Talismans
 C - a maw talisman
Wands
 B - a wand of flame (45)
Scrolls
 d - 2 scrolls of vulnerability {!r}
 e - a scroll of enchant armour {unknown}
 f - a scroll of enchant weapon
 l - 2 scrolls of poison
 m - 4 scrolls of teleportation {@r4}
 o - 2 scrolls of fog
 t - a scroll of blinking
 D - 2 scrolls of immolation {!r}
Potions
 a - 2 potions of lignification {unknown}
 b - a potion of ambrosia
 g - a potion of cancellation {unknown}
 h - 2 potions of might {unknown}
 j - 2 potions of mutation {unknown}
 k - 7 potions of berserk rage {unknown}
 n - a potion of curing {unknown}
 q - a potion of haste {unknown}
 u - 3 potions of degeneration {unknown}
 x - 2 potions of enlightenment {unknown}
 z - 2 potions of heal wounds {unknown}
 E - 3 potions of resistance {unknown}

Dungeon Overview and Level Annotations

Branches:
Dungeon (9/15)             Temple (1/1) D:5
   Lair: D:8-11         Orc: D:9-12

Altars:
Dithmenos
Elyvilon
Fedhas
Hepliaklqana
Kikubaaqudgha
Nemelex Xobeh
Okawaru
Qazlal
Sif Muna
Trog
Uskayaw
Vehumet
Xom
Zin
The Shining One

Shops:
D:1 :[[   D:8 [

Annotations:
D:3 2 runed translucent doors, NitroKuite's ghost, weakling GrEE

▒.▒ ▒.▒
▒.▒ ▒ ▒.▒
▒.▒▒▒▒▒.▒▒
.<....[..
▒.......▒
▒.....JT▒
▒.....J.▒
▒.......▒
▒.......▒
▒.......▒
▒.......▒
▒.......▒
▒.......▒


You could see 2 slime creatures.


Message History

You scratch the slime creature.
The slime creature is heavily wounded.
The slime creature hits you!
* * * LOW HITPOINT WARNING * * *
The slime creature hits you but does no damage.
The slime creature completely misses you.
You mangle the slime creature!!
The slime creature is almost dead.
The slime creature hits you but does no damage.
The slime creature hits you.
* * * LOW HITPOINT WARNING * * *
The slime creature hits you but does no damage.
You mangle the slime creature!!
You kill the slime creature!
Okawaru accepts your kill.
You mangle the slime creature!!
The slime creature is moderately wounded.
The slime creature closely misses you. The slime creature hits you!
* * * LOW HITPOINT WARNING * * *
You claw the slime creature!
The slime creature is heavily wounded.
The slime creature misses you. The slime creature hits you!
* * * LOW HITPOINT WARNING * * *
You completely miss the slime creature.
The slime creature is heavily wounded.
The slime creature hits you but does no damage.
The slime creature hits you!
You die...

Action                     |  1- 3 |  4- 6 |  7- 9 | 10-12 || total
---------------------------+-------+-------+-------+-------++-------
  Melee: Unarmed           |    70 |   114 |   212 |   136 ||   532
 Invoke: Heroism           |       |       |     1 |     1 ||     2
    Use: Scroll            |       |       |       |     8 ||     8
 Armour: Robe              |    39 |    76 |    89 |       ||   204
         Swamp dragon scal |       |       |    74 |   107 ||   181
  Dodge: Dodged            |    40 |    40 |    93 |    46 ||   219

Levels and vault maps discovered:
D:1:      roadster_arrival_rocket_small, layout_rooms, serial_aquarium,
          aquarium_bridge_square [aquarium_subvault_window,
          aquarium_subvault_wall, aquarium_subvault_window,
          aquarium_subvault_bridge], aquarium_bridge_long_joined
          [aquarium_subvault_bridge, aquarium_subvault_window,
          aquarium_subvault_balcony, aquarium_subvault_bridge,
          aquarium_subvault_wall, aquarium_subvault_wall],
          aquarium_window_corridor_2, aquarium_window_fake,
          aquarium_window_corner, aquarium_window_1, aquarium_view_2e,
          aquarium_pool_2, serial_shops, shop, shop_fountains, shop_fountains,
          hellmonk_ecumenical_altar_heavens_door, minmay_tetromino_o4
D:2:      layout_rooms, uniq_sigmund
D:3:      layout_basic, ebering_ghost_sewer_f, uniq_robin
D:4:      layout_basic, mainiacjoe_overflow_tiny_flanked, minmay_misc_feat_five
D:5:      layout_basic, minmay_temple_entry_slanted,
          serial_library_hellmonk_u_bend, chequers_garden, minmay_starry_boxes,
          uniq_grinder, uniq_pikel, uniq_menkaure
D:6:      nicolae_cairo_tiling_large_dashed, layout_layer_cave,
          nicolae_qazlal_beasts_of_the_sky, tso_altar, uniq_eustachio,
          uniq_maggie
D:7:      minmay_the_grid_plus [minmay_the_grid_garden,
          minmay_the_grid_spin_star, minmay_the_grid_pillar_ring,
          minmay_the_grid_aliased_spiral, minmay_the_grid_prize_big_room],
          layout_layer_cave
D:8:      nicolae_BIG_FREAKIN_CUBE, layout_basic, serial_shops,
          nicolae_lakefront_shop
D:9:      layout_small_grid, chequers_temple_overflow_minitemple,
          mainiacjoe_overflow_catwalk, minmay_misc_feat_secret_circle,
          kennysheep_small_square, uniq_grum, uniq_psyche
Temple:   hellmonk_temple_forest_ring

Notes
Turn   | Place    | Note
-------+----------+-------------------------------------------
     0 | D:1      | sanka the Troll Monk began the quest for the Orb.
     0 | D:1      | Reached XP level 1. HP: 22/22 MP: 0/0
    18 | D:1      | Reached XP level 2. HP: 28/29 MP: 1/1
   218 | D:1      | Found a faded altar of an unknown god.
   221 | D:1      | Reached skill level 3 in Fighting
   247 | D:1      | Reached XP level 3. HP: 36/37 MP: 2/2
   297 | D:1      | Found Qaxzan's Antique Armour Emporium.
   349 | D:1      | Found Mameg's Book Boutique.
   399 | D:1      | Found Rysuymmu's Antique Armour Shoppe.
   426 | D:1      | Reached skill level 4 in Unarmed Combat
   606 | D:2      | Noticed Sigmund
   627 | D:2      | Killed Sigmund
   628 | D:2      | Reached skill level 6 in Unarmed Combat
   628 | D:2      | Reached XP level 4. HP: 38/45 MP: 3/3
   628 | D:2      | Reached XP level 5. HP: 45/53 MP: 4/4
  1112 | D:3      | Reached XP level 6. HP: 41/61 MP: 5/5
  1196 | D:3      | Noticed Robin
  1205 | D:3      | Killed Robin
  1398 | D:3      | Identified the +2 hand axe "Veary" {elec, rElec rF+ rC-
                  | rN+}
  1403 | D:3      | Found a runed translucent door.
  1422 | D:3      | Found a runed translucent door.
  1498 | D:3      | Noticed NitroKuite's ghost (weakling GrEE)
  1629 | D:4      | Reached skill level 7 in Unarmed Combat
  1656 | D:4      | Found a hide-covered altar of Uskayaw.
  1902 | D:4      | Reached XP level 7. HP: 67/67 MP: 6/6
  1989 | D:4      | Reached skill level 8 in Unarmed Combat
  2037 | D:4      | Identified the +0 leather armour of Hedging {rPois Str+4
                  | Dex+3}
  2639 | D:5      | Entered Level 5 of the Dungeon
  2649 | D:5      | Reached skill level 9 in Unarmed Combat
  2726 | D:5      | Noticed Grinder
  2740 | D:5      | Killed Grinder
  2740 | D:5      | Noticed Pikel
  2741 | D:5      | Reached XP level 8. HP: 9/75 MP: 0/7
  2752 | D:5      | Killed Pikel
  2753 | D:5      | Reached skill level 11 in Unarmed Combat
  2853 | D:5      | Found a staircase to the Ecumenical Temple.
  2865 | D:5      | Noticed Menkaure
  2875 | Temple   | Entered the Ecumenical Temple
  2982 | Temple   | Became a worshipper of Warmaster Okawaru
  2982 | Temple   | Reached * piety under Okawaru
  2982 | Temple   | Reached ** piety under Okawaru
  3004 | D:5      | Killed Menkaure
  3005 | D:5      | Reached skill level 1 in Invocations
  3280 | D:5      | Reached skill level 2 in Invocations
  3289 | D:5      | Reached XP level 9. HP: 70/81 MP: 5/9
  3492 | D:5      | Identified the +2 robe of Goixotun {^Drain rC+ SInv
                  | Archmagi}
  3735 | D:6      | Identified +0 swamp dragon scales
  3735 | D:6      | Noticed Maggie
  3771 | D:5      | Reached skill level 3 in Invocations
  3810 | D:6      | Killed Maggie
  3810 | D:6      | Reached *** piety under Okawaru
  3811 | D:6      | Reached skill level 12 in Unarmed Combat
  3829 | D:6      | Found a stormy altar of Qazlal.
  3850 | D:6      | Reached skill level 4 in Invocations
  4102 | D:6      | Noticed Eustachio
  4113 | D:6      | Reached skill level 5 in Invocations
  4115 | D:6      | Killed Eustachio
  4144 | D:6      | Reached skill level 4 in Fighting
  4317 | D:6      | Found a glowing golden altar of the Shining One.
  5184 | D:7      | Reached skill level 1 in Armour
  5197 | D:7      | Reached **** piety under Okawaru
  5220 | D:7      | Noticed a two-headed ogre
  5221 | D:7      | Noticed a two-headed ogre
  5221 | D:7      | Noticed a cyclops
  5221 | D:7      | Noticed a cyclops
  5222 | D:7      | Noticed a komodo dragon
  5228 | D:7      | Killed a two-headed ogre
  5229 | D:7      | Reached skill level 5 in Fighting
  5229 | D:7      | Reached skill level 2 in Armour
  5229 | D:7      | Reached XP level 10. HP: 55/96 MP: 9/12
  5231 | D:7      | Reached skill level 3 in Armour
  5234 | D:7      | Killed a two-headed ogre
  5247 | D:7      | Killed a cyclops
  5248 | D:7      | Reached skill level 6 in Fighting
  5248 | D:7      | Reached skill level 4 in Armour
  5251 | D:7      | Reached ***** piety under Okawaru
  5254 | D:7      | Killed a cyclops
  5254 | D:7      | Received a gift from Okawaru
  5290 | D:7      | Identified the +8 falchion "Acsochiseu" {heavy, ^Drain rN++
                  | Str+4}
  5339 | D:7      | Reached skill level 5 in Armour
  5377 | D:7      | Identified +0 steam dragon scales
  5378 | D:7      | Reached skill level 7 in Fighting
  6754 | D:8      | Identified +0 steam dragon scales
  6824 | D:8      | Reached skill level 8 in Fighting
  7075 | D:8      | Noticed a two-headed ogre
  7084 | D:8      | Killed a two-headed ogre
  7084 | D:8      | Received a gift from Okawaru
  7085 | D:8      | Reached XP level 11. HP: 99/111 MP: 10/13
  7286 | D:8      | Found Riwkugoeps's Antique Armour Boutique.
  7359 | D:9      | HP: 5/111 [slime creature (16)]
  7360 | D:9      | Mangled by a slime creature

Vanquished Creatures
  3 two-headed ogres
  Pikel (D:5)
  2 cyclopes (D:7)
  Maggie (D:6)
  A komodo dragon (D:7)
  Grinder (D:5)
  2 slime creatures (D:9)
  Sigmund (D:2)
  A shadow (D:7)
  A yak (D:7)
  Eustachio (D:6)
  A wraith (D:7)
  3 steam dragons
  Menkaure (D:5)
  A water moccasin (D:7)
  2 black bears
  An orc warrior (D:7)
  An ice beast (D:7)
  2 sky beasts
  2 centaurs
  A phantom (D:7)
  A lemure (D:5)
  2 kobold brigands (D:7)
  A gnoll sergeant (D:7)
  3 bullfrogs
  5 scorpions
  A wight (D:7)
  3 howler monkeys
  3 jellies
  3 bombardier beetles
  4 gnoll boudas
  3 hounds
  5 orc priests
  3 iguanas
  A sleepcap (D:7)
  11 orc wizards
  Robin (D:3)
  27 gnolls
  8 adders
  2 white imps
  2 ufetubi (D:7)
  4 dart slugs
  2 ribbon worms
  28 orcs
  3 endoplasms
  3 giant cockroaches
  15 goblins
  6 hobgoblins
  7 jackals
  17 kobolds
  2 quokkas (D:1)
  5 ball pythons
  8 bats
  6 frilled lizards
  4 rats
229 creatures vanquished.
